AoeStats
← tiimAvodah2

Nomad

507257522Analyzed
4v4 RM · 16d ago on Sep 17, 2026· 23m 52s· 8 players
Game mode
Random Map
Map size
231×231
Population
200
Speed
Normal
Resources
Standard
Victory
Conquest
Starting age
Dark Age
Ending age
Imperial Age
RankedLock teamsTeams togetherTeam positionsShared explorationLock speedFull tech treeHidden civsTurbo modeCheats
Victory
Defeat
🇩🇪 Lithuanians · Germany
1208
+13
🇺🇸 Japanese · United States
1192
+13
1155
+15
🇩🇪 Persians · Germany
1143
+15
🇮🇹 Persians · Italy
1177
-16
🇫🇷 Malians · France
1160
-15
🇹🇼 Poles · Taiwan
1110
-13
🇦🇺 Goths · Australia
1087
-12
LoveCreamPie
4:37 Loom
13:39 Feudal Age
14:48 Double-Bit Axe
20:29 Castle Age
19:46 Gold Mining
19:47 Stone Mining
21:25 Bow Saw
21:07 Horse Collar
20:51 Light Cavalry
21:42 Bloodlines
23:10 Heavy Plow
24:26 Wheelbarrow
24:34 Stone Shaft Mining
锋
15:19 Feudal Age
14:13 Loom
16:05 Double-Bit Axe
17:35 Fishing Lines
19:13 Gold Mining
22:17 Bloodlines
tiimAvodah2
14:55 Loom
16:41 Feudal Age
17:13 Double-Bit Axe
17:46 Fishing Lines
19:23 Town Watch
20:13 Wheelbarrow
23:11 Castle Age
Rpt
3:27 Loom
14:30 Feudal Age
15:24 Town Watch
15:33 Stone Mining
15:43 Double-Bit Axe
19:31 Castle Age
20:54 Fletching
Godspeed
4:00 Loom
13:47 Feudal Age
19:51 Castle Age
18:25 Double-Bit Axe
20:06 Bloodlines
20:08 Scale Barding Armor
20:13 Forging
19:49 Horse Collar
Keelee
3:31 Loom
13:46 Feudal Age
14:31 Double-Bit Axe
19:40 Castle Age
17:52 Horse Collar
19:10 Bloodlines
19:38 Forging
19:33 Scale Barding Armor
21:56 Husbandry
24:48 Iron Casting
Sleepy the sexy saxon sheppard
7:14 Loom
14:23 Feudal Age
14:13 Double-Bit Axe
15:25 Fishing Lines
21:34 Castle Age
20:25 Fletching
20:39 Padded Archer Armor
21:04 Gold Mining
21:32 Bow Saw
21:27 Gillnets
22:19 Wheelbarrow
22:08 Crossbowman
BrianBoru
11:38 Loom
13:40 Feudal Age
17:38 Castle Age
16:26 Double-Bit Axe
16:50 Fishing Lines
17:53 Fletching
18:35 Gillnets
20:10 Wheelbarrow
19:40 Bodkin Arrow
Connection lost

Rejoining the realm…

Still unreachable

The connection could not be restored.

Session expired

The server has moved on; the page needs a fresh start.